[Event "Yingmei CHN-chT 2018"]
[Site "Shenzhen"]
[Date "2018.04.12"]
[Round "2"]
[White "Vo, Thi Kim Phung"]
[Black "Zhou, Zirun"]
[Result "1/2-1/2"]
[ECO "D36"]
[WhiteElo "2393"]
[BlackElo "1993"]
[Annotator "NA RC"]
[PlyCount "95"]
[EventDate "2018.??.??"]
[EventCountry "CHN"]
[SourceTitle "playchess.com"]
[Source "ChessBase"]
[SourceQuality "1"]
[TimeControl "5400+30"]

1. d4 Nf6 2. c4 e6 3. Nc3 d5 4. Bg5 Be7 5. e3 Nbd7 6. cxd5 exd5 7. Bd3 c6 8. Qc2 h6 9. Bh4 Nh5 10. Bxe7 Qxe7 11. Nge2 Nb6 12. h3 {D36: Queen's Gambit Declined: Exchange Variation: Main line (5 Bg5 c6 6 Qc2)} (12. O-O O-O 13. Rae1 Be6 14. Nc1 Rad8 15. Nb3 Rfe8 16. Nc5 Bc8 17. b4 Nc4 18. Qe2 Qg5 19. f4 Qh4 20. Bxc4 dxc4 {0-1 (37) Navara,D (2724)-Adams,M (2740) Biel 2015}) 12... Be6 {LiveBook: 8 Games} 13. g4 Nf6 14. Ng3 g6 15. O-O-O O-O-O 16. Kb1 Kb8 17. Rhe1 $146 Rc8 18. Qe2 Rhd8 19. Qf3 Rc7 20. Qf4 g5 21. Qf3 $1 Nc8 22. Nf5 Bxf5 23. Qxf5 Nd6 24. Qf3 Re8 25. Qg3 Nfe4 26. Bxe4 Nxe4 27. Nxe4 Qxe4+ 28. Ka1 f5 29. gxf5 Qxf5 30. h4 g4 31. h5 Kc8 32. Rg1 Rg7 33. Rh1 {[#]} Rg5 $1 34. Rdg1 Rf8 35. Qd6 Qf6 36. Qc5 $2 (36. Qxf6 $17 Rxf6 37. Rg2) 36... Qxf2 37. a3 g3 (37... Rf7 $142 38. Qc1 Qe2) 38. Rg2 Qf3 ({Much weaker is} 38... Qxg2 $6 39. Qxf8+ Kc7 40. Qe7+ Kc8 41. Qe8+ Kc7 42. Qe7+ Kc8 43. Qe8+ Kc7 44. Qe7+ $11) 39. Rhg1 Rfg8 40. Qxa7 $17 Qxh5 41. Qa8+ Kc7 42. Qa5+ Kb8 43. Rxg3 Rxg3 44. Rxg3 Rxg3 45. Qd8+ Ka7 46. Qa5+ Kb8 47. Qd8+ Ka7 48. Qa5+ 1/2-1/2